 Dungeon Crawl Stone Soup version 0.20.0-14-g326068f (webtiles) character file.

71 Kosschaser the Sneak (level 4, -5/30 HPs)
             Began as a Merfolk Enchanter on June 7, 2017.
             Slain by a gnoll
             ... wielding a +0 whip of pain
              (9 damage)
             ... on level 2 of the Dungeon.
             The game lasted 00:07:33 (2618 turns).

Kosschaser the Sneak (Merfolk Enchanter)            Turns: 2618, Time: 00:07:34

Health: -5/30      AC:  2    Str:  8    XL:     4   Next: 24%
Magic:  0/16       EV: 13    Int: 14    God:
Gold:   74         SH:  0    Dex: 15    Spells: 4/7 levels left

rFire    . . .     SeeInvis .   a - +1 dagger
rCold    . . .     Gourm    .   (no shield)
rNeg     + . .     Faith    .   b - +0 robe
rPois    .         Spirit   .   (no helmet)
rElec    .         Reflect  .   (no cloak)
rCorr    .         Harm     .   (no gloves)
MR       .....                  (no boots)
Stlth    +++.......             (no amulet)
Regen    0.1/turn               p - ring of magical power
MPRegen  0.2/turn               n - ring of positive energy

@: no status effects
A: change form in water, swift swim, stealthy swim
a: no special abilities


You were on level 2 of the Dungeon.
You were very hungry.

You visited 1 branch of the dungeon, and saw 2 of its levels.

You collected 74 gold pieces.

Inventory:

Hand Weapons
 a - a +1 dagger (weapon)
Armour
 b - a +0 robe (worn)
Jewellery
 n - a ring of positive energy (right hand)
 o - an uncursed ring of wizardry
 p - a ring of magical power (left hand)
Scrolls
 e - 5 scrolls of identify {unknown}
 j - a scroll of magic mapping {unknown}
 r - a scroll of fog {unknown}
Potions
 f - a potion of lignification {unknown}
 h - 2 potions of resistance {unknown}
 i - a potion of curing {unknown}
 k - a potion of brilliance {unknown}
 l - a potion of degeneration {unknown}
Books
 c - a book of Maledictions

   Spells                             Type                      Level
   a - Corona                         Hexes                        1
   b - Ensorcelled Hibernation        Hexes/Ice                    2
   c - Confuse                        Hexes                        3
   d - Tukima's Dance                 Hexes                        3
   e - Dazzling Spray                 Conjuration/Hexes            3
Comestibles
 d - 2 bread rations
 g - 3 royal jellies
 m - a meat ration


   Skills:
 + Level 0.2 Fighting
 + Level 2.4 Short Blades
 + Level 2.8 Dodging
 * Level 4.5 Stealth
 + Level 2.1 Spellcasting
 + Level 3.3 Hexes
 + Level 0.9 Ice Magic


You had 4 spell levels left.
You knew the following spells:

 Your Spells              Type           Power        Failure   Level  Hunger
a - Corona                Hex            ##.....      6%          1    ##.....
b - Ensorcelled Hibernat  Hex/Ice        #.....       16%         2    ###....


Dungeon Overview and Level Annotations

Branches:
Dungeon (2/15)

Altars:


Message History

Press: ? - help, Shift-Dir - straight line, f/p - gnoll
Aim: a gnoll, wielding a whip of pain (chance to defeat MR: 48%)
The gnoll resists with some effort.
You are feeling very hungry.
The gnoll hits you but does no damage.
Things that are here:
a club; a hobgoblin skeleton
Things that are here:
a club; a hobgoblin skeleton The gnoll hits you from afar with a spear.
* * * LOW HITPOINT WARNING * * *
Casting: Ensorcelled Hibernation
Confirm with . or Enter, or press ? or * to list all spells.
Aiming: Ensorcelled Hibernation
Press: ? - help, Shift-Dir - straight line, f - gnoll, p - gnoll
Aim: a gnoll, wielding a spear (chance to defeat MR: 48%)
The gnoll resists with some effort.
The gnoll closely misses you. The gnoll closely misses you.
You barely miss the gnoll. The gnoll hits you with a whip of pain!
You die...

#.........(g).....
#.#...รท....###....
###.#.....g..#
#....
#..........###
#.... #..........#
#g... #..........#
#.... #..........#
##g... ###g########
#..... #@# #g....
#g# #...## #.#
#<..# #.#
########)..## #)#
#...........# #.#
#...........# #.#
#...........# #.#
###....#'#### #.#
#....'.#


You could see 2 gnolls.

Vanquished Creatures
  Terence (D:2)
  A gnoll (D:1)
  An adder (D:2)
  A dart slug (D:1)
  A leopard gecko (D:2)
  3 goblins (D:1)
  4 hobgoblins
  3 jackals (D:1)
  A ball python (D:2)
  5 bats (D:1)
  3 frilled lizards
  2 kobolds
  2 rats
28 creatures vanquished.

Notes
Turn   | Place    | Note
-------+----------+-------------------------------------------
     0 | D:1      | Kosschaser the Merfolk Enchanter began the quest for the Orb.
     0 | D:1      | Reached XP level 1. HP: 13/13 MP: 3/3
   412 | D:1      | Reached XP level 2. HP: 19/19 MP: 5/5
   566 | D:1      | Reached skill level 4 in Stealth
   701 | D:1      | Learned a level 2 spell: Ensorcelled Hibernation
  1271 | D:2      | Reached XP level 3. HP: 16/24 MP: 2/6
  1978 | D:2      | Noticed Terence
  1984 | D:2      | Killed Terence
  2193 | D:2      | Reached XP level 4. HP: 15/30 MP: 7/7
  2618 | D:2      | Slain by a gnoll

Skill      XL: |  1  2  3 |
---------------+----------+-----
Stealth        | 4 |  4.5
Short Blades   | 2 |  2.4
Fighting       | |  0.2
Dodging        | |  2.8
Spellcasting   | |  2.1
Hexes          | |  3.3
Ice Magic      | |  0.9

Action                   |  1- 3 |  4- 6 || total
-------------------------+-------+-------++-------
Melee: Dagger            |    94 |     5 ||    99
 Cast: Ensorcelled Hiber |    10 |    17 ||    27
 Stab: Sleeping          |     7 |     3 ||    10
  Eat: Chunk             |     5 |     1 ||     6
Armor: Robe              |    14 |     2 ||    16
Dodge: Dodged            |    76 |    13 ||    89
